Unix NetHack Version 3.7.0-66 Work-in-progress - last build Dec 5 2022 03:26:57 (dbea811729ade750c4c0c7f8ab6145c62533a6e7,branch:master). Game began 2022-12-04 21:21:59, ended 2022-12-06 20:17:50. Buffalo, neutral male human Monk ----- ---------- ------- ---..<| .. . .. |....(| ..|---.....| -.--.---.- |.._.%| -.|....|..-- |.-|.. |..| ---- ----- #......| ----.....-|.-- ---..-.---..|---..| |.-..| -...--- #..-|.........|-- -+--........--.-.....-+--- |.|..| |..## ---).|....|.---- |................--......- ---|.|..| |.| --- |.)..|..----- --..--|--------..|-.......||..-.|-- --(---..| ......|..| ------ -. |.........|--|....{...||..|.| -----.......| ---...*..-- |%.%.| |..[......| |.......--|..|.|---...........| |........| |....| ----------- |--....------|.|-......---...---- --....--------|--- ------|....|...|..--.|...---..|...-|..|..|-...|-...---.------ |....|-...---.......[|....-|..)..--|..|..|--..|.........-|..| |.(..-...-|....--..........|-..-----.---|-...............-..| |....|-...|...-|.......G...---.))..........----....{.....---- ------|...)....|..--.........|--------[--+-- --............ -------|....|...|-----.......-- |(...|)| |@f.......---- |......--...|..- ---...--- |(((.-.| -------..-- .... ----.....---- ----- |(((.|-- ---- ---- ------- ------ Buffalo the Initiate St:17 Dx:11 Co:13 In:11 Wi:15 Ch:9 Neutral S:4166 Dlvl:6 $:1910 HP:38(38) Pw:24(24) AC:-2 Xp:6/499 T:3789 Fly Latest messages: The large cat drops a dagger. You pull on the leash. It whimpers. "Hello, Buffalo! Welcome again to Drepung's health food store!" You see here 2 food rations (for sale, 120 zorkmids). You see here a potion called fruit juice (for sale, 67 zorkmids). "For you, esteemed sir; only 67 zorkmids for this potion called fruit juice." O - a potion called fruit juice (unpaid, 67 zorkmids). A potion called fruit juice for 67 zorkmids. Pay? [yn] (n) y You bought a potion called fruit juice for 67 gold pieces. "Thank you for shopping in Drepung's health food store!" You begin striking monsters with your gloved hands. You kill the newt! B - a scroll labeled YUM YUM. What do you want to dip? [a-ik-moqrtw-zA-DG-JM-QTZ or ?*] ? Dip a potion called fruit juice into the fountain? [yn] (n) y Your potion called fruit juice dilutes. Your diluted potion called fruit juice dilutes further. Really save? [yn] (n) y Saving... Restoring save file... Hello Buffalo, the human Monk, welcome back to NetHack! Really quit? [yn] (n) y Do you want your possessions identified? [ynq] (y) q Inventory: Coins $ - 1910 gold pieces Amulets o - an uncursed amulet of flying (being worn) Weapons k - a +0 spear Armor l - an uncursed +0 dwarvish iron helm named !c (being worn) a - an uncursed +2 pair of leather gloves (being worn) t - a blessed +0 pair of iron shoes named !c (being worn) q - an uncursed +1 small shield Z - an uncursed +0 dwarvish cloak D - an uncursed +0 oilskin cloak b - an uncursed +1 robe (being worn) Comestibles g - 6 uncursed apples f - an uncursed food ration i - an uncursed fortune cookie J - an uncursed orange Q - an uncursed sprig of wolfsbane m - an uncursed egg Scrolls B - an uncursed scroll of remove curse d - an uncursed scroll of teleportation Potions e - an uncursed potion of healing O - an uncursed potion of water Wands x - a wand of cancellation named -1 (0:6) M - a wand of locking named -2 (0:4) w - a wand of undead turning named -1 (0:3) Tools h - an uncursed sack containing 18 items P - an uncursed blindfold N - an uncursed leash (attached to the large cat) T - a cursed magic lamp (lit) H - an uncursed skeleton key c - an uncursed stethoscope Gems/Stones z - 2 uncursed emeralds I - an uncursed worthless piece of black glass y - an uncursed worthless piece of green glass C - an uncursed worthless piece of orange glass r - an uncursed worthless piece of red glass G - a cursed worthless piece of red glass A - an uncursed worthless piece of violet glass Contents of the sack: an uncursed scroll of blank paper an uncursed scroll of create monster a cursed scroll of punishment a cursed scroll of enchant armor an uncursed scroll of food detection an uncursed scroll of light an uncursed scroll of identify an uncursed scroll of teleportation an uncursed potion of sleeping an uncursed potion of restore ability a blessed potion of blindness an uncursed potion of blindness 2 uncursed potions of levitation an uncursed potion of paralysis an uncursed potion of confusion 3 uncursed potions of healing a potion of holy water a potion of unholy water Buffalo the Monk's attributes: Background: You were an Initiate, a level 6 male human Monk. You were neutral, on a mission for Chih Sung-tzu who was opposed by Shan Lai Ching (lawful) and Huan Ti (chaotic). You were in the Gnomish Mines, on level 6. You entered the dungeon 3789 turns ago. You had 499 experience points, 141 more were needed to attain level 7. Your score was 4166 before end-of-game adjustments. Basics: You had all 38 hit points. You had all 24 energy points (spell power). Your armor class was -2. Your wallet contained 1910 zorkmids. Autopickup was on for '$"?!=/' plus thrown. Final Characteristics: Your strength was 17 (limit:18/100). Your dexterity was 11 (limit:18). Your constitution was 13 (limit:18). Your intelligence was 11 (limit:18). Your wisdom was 15 (limit:18). Your charisma was 9 (limit:18). Final Status: You were flying. You were not hungry. You were unencumbered. You were empty handed. You were skilled in martial arts. Final Attributes: You were piously aligned. You were sleep resistant. You were poison resistant. You saw invisible. You were stealthy. You had a small defense bonus (+2). You were guarded. You were fast. You survived. Miscellaneous: You never encountered a bones level. Total elapsed playing time was 44 minutes and 7 seconds. Major events: Turn 1: Buffalo the neutral male human Monk entered the dungeon 868: attained the rank of Novice (level 3) 1024: entered the Gnomish Mines 1655: reached Mine Town 1759: attained the rank of Initiate (level 6) 3789: quit Vanquished creatures: a large mimic a small mimic a watchman an orc mummy 2 dingoes a housecat 3 human zombies an imp a violet fungus 6 gnome leaders a ghoul a straw golem a paper golem 4 giant ants a floating eye 7 dwarves a homunculus a kobold shaman a monkey an orc zombie a dwarf zombie a werejackal an iguana 8 killer bees 2 acid blobs a coyote 2 hobbits 4 manes a large kobold a hobgoblin 25 gnomes a garter snake 3 geckos 4 goblins 2 sewer rats 3 grid bugs 5 lichens a kobold zombie 7 newts 110 creatures vanquished. No species were genocided or became extinct. Voluntary challenges: You never hit with a wielded weapon. You read items or engraved 5 times. You never engraved Elbereth. You never genocided any monsters. You never polymorphed an object. You never changed form. You used no wishes. Achievements: You attained the rank of Novice. You entered the Gnomish Mines. You entered Minetown. You entered a shop. You attained the rank of Initiate. You entered a temple. The Dungeons of Doom: levels 1 to 6 Level 1: "vault" A sink. Level 2: A fountain. Level 3: "vault" Some fountains, a sink. Stairs down to The Gnomish Mines. Level 4: A sink. Level 5: A general store. Level 6: The Gnomish Mines: levels 4 to 6 Level 4: Level 5: Level 6: <- You were here. Many shops, a temple, some fountains. Goodbye Buffalo the Monk... You quit in The Gnomish Mines on dungeon level 6 with 4166 points, and 1910 pieces of gold, after 3789 moves. You were level 6 with a maximum of 38 hit points when you quit.